 Dungeon Crawl Stone Soup version 0.28-a0-1555-g9ae15a6949 (webtiles) character file.

Game seed: 14571356963333896329

1528 HallandMoats the Skirmisher (level 8, 0/71 HPs)
             Began as a Ghoul Monk on Jan 18, 2022.
             Was a Priest of Trog.
             Engulfed by a steam dragon's steam (2 damage)
             ... on level 6 of the Dungeon.
             The game lasted 00:07:15 (6542 turns).

HallandMoats the Skirmisher (Ghoul Monk)            Turns: 6542, Time: 00:07:16

Health: 0/71       AC: 14    Str: 23    XL:     8   Next: 85%
Magic:  11/11      EV: 11    Int:  5    God:    Trog [***...]
Gold:   274        SH:  4    Dex: 11    Spells: 7/7 levels left

rFire   . . .      SeeInvis .   k - +0 flail (protect)
rCold   + . .      Faith    .   t - +0 buckler
rNeg    + + +      Spirit   .   u - +0 ring mail of the Guild-Master {Str+6}
rPois   ∞          Reflect  .   (no helmet)
rElec   .          Harm     .   r - +1 cloak
rCorr   .          Rampage  .   (no gloves)
Will    ++...                   (no boots)
Stlth   +.........              o - amulet of the acrobat
HPRegen 1.00/turn               (no ring)
MPRegen 0.12/turn               (no ring)

@: strong-willed, under a protective aura, regenerating
A: claws 1, cold resistance 1, negative energy resistance 3, inhibited
regeneration, torment resistance 2
a: Renounce Religion, Trog's Hand


You were on level 6 of the Dungeon.
You worshipped Trog.
Trog was most pleased with you.
You visited 2 branches of the dungeon, and saw 7 of its levels.

You collected 274 gold pieces.

Inventory:

Hand Weapons
 k - a +0 flail of protection (weapon)
Armour
 r - a +1 cloak (worn)
 t - a +0 buckler (worn)
 u - the +0 ring mail of the Guild-Master (worn) {Str+6}
   (You found it on level 4 of the Dungeon)

   Str:       It affects your strength (+6).
 v - a +3 leather armour of fire resistance
Jewellery
 o - an amulet of the acrobat (around neck)
Wands
 i - a wand of flame (34)
 l - a wand of digging (14)
 w - a wand of iceblast (6)
Scrolls
 b - 2 scrolls of fear {unknown}
 c - 3 scrolls of noise {unknown}
 d - a scroll of enchant weapon {unknown}
 e - 3 scrolls of teleportation {unknown}
 f - 3 scrolls of identify {unknown}
 g - a scroll of vulnerability {unknown}
 h - a scroll of immolation {unknown}
 m - a scroll of blinking {unknown}
Potions
 a - a potion of attraction {unknown}
 j - a potion of invisibility {unknown}
 n - 3 potions of brilliance {unknown}
 p - a potion of haste {unknown}
 q - 2 potions of curing
 s - 2 potions of flight {unknown}


   Skills:
 * Level 6.5 Fighting
 * Level 4.3 Axes
 + Level 3.0 Armour
 + Level 4.2 Dodging
 - Level 2.1 Stealth
 * Level 2.4 Shields
 - Level 3.2 Unarmed Combat
 * Level 5.5 Invocations


You had 7 spell levels left.
You didn't know any spells.
Your spell library was empty.

Dungeon Overview and Level Annotations

Branches:
Dungeon (6/15)             Temple (1/1) D:6

Altars:
Ashenzari
Cheibriados
Dithmenos
Elyvilon
Fedhas
Gozag
Hepliaklqana
Kikubaaqudgha
Makhleb
Nemelex Xobeh
Okawaru
Qazlal
Ru
Sif Muna
Trog
Uskayaw
Vehumet
Wu Jian
Xom
Yredelemnul
Zin
The Shining One

Shops:
D:5 [   D:6 (*(


Innate Abilities, Weirdness & Mutations

You thrive by killing the living.
You are immune to poison.
You have sharp fingernails.
Your flesh is cold resistant. (rC+)
You are immune to negative energy. (rN+++)
You do not regenerate when monsters are visible.
You are immune to unholy pain and torment.


Message History

You are engulfed in a cloud of scalding steam.
* * * LOW HITPOINT WARNING * * *
The steam dragon barely misses you.
The steam dragon claws you but does no damage.
You barely miss the steam dragon.
The steam dragon is moderately wounded.
The steam dragon bites you!
* * * LOW HITPOINT WARNING * * *
You block the steam dragon's attack. The steam dragon closely misses you.
The steam dragon barely misses you.
You sock the steam dragon!
The steam dragon is heavily wounded.
The steam dragon bites you but does no damage.
The steam dragon claws you but does no damage.
You hit the steam dragon but do no damage.
The steam dragon is heavily wounded.
You block the steam dragon's attack.
The steam dragon claws you but does no damage.
Your skin crawls.
You feel strong-willed. The steam dragon breathes steam at you.
The ball of steam hits you!
* * * LOW HITPOINT WARNING * * *
Unknown command.
Okay, then.
It was a potion of curing.
You feel better.
You are engulfed in a cloud of scalding steam.
* * * LOW HITPOINT WARNING * * *
The steam dragon breathes steam at you. The ball of steam hits you!
* * * LOW HITPOINT WARNING * * *
You closely miss the steam dragon.
The steam dragon is heavily wounded.
You are engulfed in a cloud of scalding steam.
The steam dragon closely misses you.
The steam dragon claws you but does no damage.
You hit the steam dragon but do no damage.
The steam dragon is heavily wounded.
You are engulfed in a cloud of scalding steam.
You die...

######..#########.####
##...............
#.......≈≈≈≈≈...
##....≈≈≈≈≈≈≈≈≈.
#..≈≈≈≈≈≈≈≈≈≈≈≈
##.≈≈≈≈≈≈...≈≈≈≈ #
#..≈≈≈≈≈≈.>.≈≈≈≈
...##.###..≈≈≈≈≈≈...≈≈≈≈
......D@.§.§≈≈≈≈≈≈≈≈≈≈≈≈
...##.####..≈≈≈≈≈≈≈≈≈≈≈≈
# #....≈≈≈≈≈≈≈≈≈.
#......≈≈≈≈≈...
#..............
......)........
..............
....###.###### . #.## #


You could see a steam dragon (catching breath).

Vanquished Creatures
  Grinder (D:3)
  Sigmund (D:6)
  Eustachio (D:6)
  Menkaure (D:6)
  A black bear (D:4)
  3 ogres
  A scorpion (D:6)
  A wyvern skeleton (D:6)
  A water moccasin skeleton (D:6)
  A hound (D:5)
  2 jellies (D:6)
  Crazy Yiuf (D:3)
  Ijyb (D:3)
  2 iguanas
  2 orc wizards (D:5)
  A hound zombie (D:5)
  4 adders
  A shadow imp (D:3)
  3 worms
  4 dart slugs
  12 orcs
  10 endoplasms
  4 giant cockroaches
  8 goblins
  8 hobgoblins
  7 jackals
  5 kobolds
  4 quokkas
  5 ball pythons
  2 bats (D:1)
  3 frilled lizards
  12 rats
113 creatures vanquished.

Notes
Turn   | Place    | Note
-------+----------+-------------------------------------------
     0 | D:1      | HallandMoats the Ghoul Monk began the quest for the Orb.
     0 | D:1      | Reached XP level 1. HP: 19/19 MP: 0/0
    88 | D:1      | Found a faded altar of an unknown god.
   129 | D:1      | Prayed at the altar of an unknown god.
   129 | D:1      | Became a worshipper of Trog the Wrathful
   129 | D:1      | Reached * piety under Trog
   129 | D:1      | Reached ** piety under Trog
   166 | D:1      | Reached XP level 2. HP: 26/26 MP: 1/1
   227 | D:1      | Reached skill level 1 in Invocations
   393 | D:1      | Reached XP level 3. HP: 31/31 MP: 2/2
   425 | D:1      | Reached *** piety under Trog
   471 | D:1      | Reached skill level 1 in Axes
  1131 | D:2      | Reached XP level 4. HP: 39/40 MP: 4/4
  1158 | D:2      | Reached skill level 4 in Fighting
  1429 | D:2      | Reached skill level 1 in Armour
  1594 | D:3      | Noticed Grinder
  1619 | D:3      | Killed Grinder
  1620 | D:3      | Reached XP level 5. HP: 47/47 MP: 4/6
  1620 | D:3      | Reached XP level 6. HP: 53/53 MP: 4/7
  1749 | D:3      | Noticed Ijyb
  1780 | D:3      | Killed Ijyb
  2511 | D:3      | Found a runed translucent door.
  2512 | D:3      | Noticed Crazy Yiuf
  2900 | D:3      | HP: 2/55 [Crazy Yiuf (1)]
  2902 | D:3      | Killed Crazy Yiuf
  3333 | D:4      | Found a transporter.
  3495 | D:4      | Found a transporter.
  3546 | D:4      | Reached **** piety under Trog
  3613 | D:4      | Noticed a black bear
  3622 | D:4      | Killed a black bear
  3623 | D:4      | Reached skill level 5 in Fighting
  3623 | D:4      | Reached XP level 7. HP: 60/61 MP: 8/8
  4082 | D:5      | Entered Level 5 of the Dungeon
  4911 | D:5      | Found Haniost's Antique Armour Shoppe.
  5159 | D:4      | Identified the +0 ring mail of the Guild-Master {Str+6}
  5284 | D:6      | Found Vucab Xade's Antique Weapon Shoppe.
  5313 | D:6      | Found Waesoror's General Store.
  5321 | D:6      | Reached XP level 8. HP: 55/70 MP: 10/10
  5423 | D:6      | Noticed Eustachio
  5466 | D:6      | Killed Eustachio
  5467 | D:6      | Reached skill level 1 in Shields
  5706 | D:6      | Found Xir Lecw's Antique Weapon Emporium.
  5740 | D:6      | Reached skill level 6 in Fighting
  5740 | D:6      | Reached skill level 5 in Invocations
  5747 | D:6      | Found a staircase to the Ecumenical Temple.
  5757 | D:6      | Found a stormy altar of Qazlal.
  5760 | D:6      | Noticed an air elemental
  5761 | D:6      | Noticed a water elemental
  5796 | D:6      | Noticed Sigmund
  5825 | D:6      | Killed Sigmund
  6084 | D:6      | Noticed Menkaure
  6094 | D:6      | Killed Menkaure
  6109 | Temple   | Entered the Ecumenical Temple
  6540 | D:6      | HP: 1/71 [steam dragon/ball of steam (9)]
  6542 | D:6      | Engulfed by a steam dragon's steam

Illustrated notes

Levels and vault maps discovered:
D:1:      lightli_arrival_statue_moat, layout_basic,
          ebering_ecumenical_altar_rust
D:2:      layout_rooms, wad_orctagon
D:3:      layout_basic, minmay_parallelograms, uniq_grinder,
          uniq_crazy_yiuf_cottage, uniq_ijyb
D:4:      gammafunk_wand_slinger, layout_loops_ring, kennysheep_another_room
D:5:      layout_basic, serial_shops, nicolae_shop_statue_plus
D:6:      layout_basic, nicolae_qazlal_style_of_elements, temple_pool_b,
          serial_shops, shop_fountains, shop, kennysheep_little_box,
          uniq_menkaure, uniq_eustachio, uniq_sigmund
Temple:   nicolae_temple_the_god_donut

Skill      XL: |  1  2  3  4  5  6  7  8 |
---------------+-------------------------+-----
Invocations    | 1 3 4 5 |  5.5
Axes           | 1 2 3 4 |  4.3
Fighting       | 4 5 6 |  6.5
Dodging        | 3 4 |  4.2
Armour         | 1 2 3 |  3.0
Shields        | 2 |  2.4
Stealth        | |  2.1
Unarmed Combat | |  3.2

Action                   |  1- 3 |  4- 6 |  7- 9 || total
-------------------------+-------+-------+-------++-------
Melee: Unarmed           |   114 |    31 |       ||   145
       Punch             |     5 |     5 |     2 ||    12
       Flail             |       |   159 |   203 ||   362
Invok: Trog's Hand       |       |     4 |     7 ||    11
  Use: Potion            |       |       |     1 ||     1
 Stab: Sleeping          |     3 |     1 |     1 ||     5
Armor: Robe              |    20 |       |       ||    20
       Ring mail         |    11 |    86 |    94 ||   191
Dodge: Dodged            |    57 |   107 |   151 ||   315
Block: Buckler           |       |       |    24 ||    24

Table legend: (Time is in decaauts)
 A = Elapsed time spent in this place.
 B = Non-inter-level travel time spent in this place.
 C = Inter-level travel time spent in this place.
 D = Time resting spent in this place.
 E = Time spent auto-exploring this place.
 F = Levels seen in this place.
 G = Mean time per level.
                   A        B        C        D        E       F      G
               +--------+--------+--------+--------+--------+-----+--------+
         Total |   6661 |   6457 |    204 |      0 |   5234 |   7 |  951.6 |
       Dungeon |   6369 |   6172 |    197 |      0 |   4966 |   6 | 1061.5 |
        Temple |    292 |    285 |      7 |      0 |    268 |   1 |  292.0 |
               +--------+--------+--------+--------+--------+-----+--------+

Top non-repeatable levels by time:
     D:3: 1731 daAuts
     D:5: 1119 daAuts
     D:6: 1005 daAuts
     D:4: 976 daAuts
     D:1: 849 daAuts
     D:2: 687 daAuts
  Temple: 292 daAuts
